 Dungeon Crawl Stone Soup version 0.30-a0-748-ge6a52f7cba (webtiles) character file.

Game seed: 5210424761887578273

87 funkygono the Firebug (level 4, 0/24 HPs)
             Began as a Gargoyle Fire Elementalist on Feb 8, 2023.
             Was an Initiate of Vehumet.
             Killed by divine providence
             ... invoked by an orc priest
              (12 damage)
             ... on level 4 of the Dungeon.
             The game lasted 00:03:05 (3477 turns).

funkygono the Firebug (Gargoyle Fire Elementalist)  Turns: 3477, Time: 00:03:06

Health: 0/24       AC: 10    Str:  7    XL:     4   Next: 51%
Magic:  0/8        EV: 12    Int: 24    God:    Vehumet [......]
Gold:   273        SH:  0    Dex: 10    Spells: 2/8 levels left

rFire   . . .      SeeInvis +    l - +0 club
rCold   + . .      Faith    .    (no shield)
rNeg    + . .      Spirit   .    a - +0 robe
rPois   ∞          Reflect  .    t - +3 helmet of Leossal {Str-4 Int+6 SInv}
rElec   +          Harm     .    r - +0 cloak
rCorr   .          Rampage  .    (no gloves)
Will    .....                    (no boots)
Stlth   ++                       (no amulet)
HPRegen 0.24/turn                e - ring of protection from cold
MPRegen 0.11/turn                f - ring of flight

@: flying
A: sickness immunity, AC +3, negative energy resistance 1, electricity
resistance, torment resistance 1, petrification resistance
a: Renounce Religion


You were on level 4 of the Dungeon.
You worshipped Vehumet.
Vehumet was noncommittal.
You visited 1 branch of the dungeon, and saw 4 of its levels.

You collected 273 gold pieces.

Inventory:

Hand Weapons
 l - a +0 club (weapon)
Armour
 a - a +0 robe (worn)
 r - a +0 cloak (worn)
 t - the +3 helmet of Leossal (worn) {Str-4 Int+6 SInv}
   (You found it on level 3 of the Dungeon)

   Str:       It affects your strength (-4).
   Int:       It affects your intelligence (+6).
   SInv:      It lets you see invisible.
Jewellery
 e - a ring of protection from cold (left hand)
 f - a ring of flight (right hand)
 p - a +6 ring of dexterity
Scrolls
 d - a scroll of amnesia {unknown}
 h - a scroll of acquirement {unknown}
 i - a scroll of torment {unknown}
 j - a scroll of fear {unknown}
 k - 3 scrolls of identify {unknown}
 m - a scroll of teleportation {unknown}
 n - 2 scrolls of blinking {unknown}
Potions
 b - a potion of magic
 c - a potion of mutation {unknown}
 g - a potion of attraction {unknown}
 o - a potion of curing {unknown}
 q - 3 potions of brilliance {unknown}
 s - a potion of heal wounds {unknown}
 u - a potion of cancellation {unknown}
 v - a potion of might {unknown}


   Skills:
 + Level 0.1 Fighting
 + Level 1.8 Dodging
 - Level 2.1 Stealth
 + Level 2.7 Spellcasting
 + Level 2.0 Conjurations
 + Level 4.1 Fire Magic


You had 2 spell levels left.
You knew the following spells:

 Your Spells              Type           Power      Damage    Failure   Level
a - Foxfire               Conj/Fire      72%        2x1d7     3%          1
b - Scorch                Fire           46%        2d7       3%          2
c - Kindle Blastsparks    Fire/Tloc/Air  18%        2d11      19%         3

Your spell library contained the following spells:

 Spells                   Type           Power      Damage    Failure   Level
 Necrotise                Necr           12%        1d4       11%         1
 Ensorcelled Hibernation  Hex/Ice        6%         N/A       17%         2
 Lesser Beckoning         Tloc           6%         N/A       17%         2
 Inner Flame              Hex/Fire       13%        N/A       14%         3
 Flame Wave               Conj/Fire      18%        2d7       30%         4
 Gell's Gravitas          Tloc           3%         N/A       32%         3
 Spider Form              Tmut/Pois      3%         N/A       32%         3
 Teleport Other           Tloc           3%         N/A       32%         3
 Vampiric Draining        Necr           3%         2d6       32%         3
 Anguish                  Hex/Necr       1%         N/A       73%         4
 Agony                    Necr           3%         N/A       97%         5


Dungeon Overview and Level Annotations

Branches:
Dungeon (4/15)
 Temple: D:4-7

Altars:
Sif Muna
Vehumet


Innate Abilities, Weirdness & Mutations

You are immune to sickness and miasma.
Your stone body is resilient. (AC +3)
You are immune to poison.
You resist negative energy. (rN+)
You are resistant to electric shocks. (rElec)
You are resistant to unholy torment.
You are immune to petrification.


Message History

The orc priest is almost dead.
Casting: Foxfire (safe; 3% risk of failure)
Confirm with . or Enter, or press ? or * to list all spells.
You conjure some foxfire!
The foxfire hits the orc priest but does no damage.
The orc priest is almost dead.
The foxfire hits the orc priest but does no damage.
The orc priest is almost dead.
Casting: Foxfire (safe; 3% risk of failure)
Confirm with . or Enter, or press ? or * to list all spells.
You conjure some foxfire!
The orc priest closely misses you.
Casting: Foxfire (safe; 3% risk of failure)
Confirm with . or Enter, or press ? or * to list all spells.
You don't have enough magic to cast this spell.
Unknown command.
Casting: Foxfire (safe; 3% risk of failure)
Confirm with . or Enter, or press ? or * to list all spells.
You conjure some foxfire!
The foxfire hits the orc priest but does no damage.
The orc priest is almost dead.
The foxfire hits the orc priest.
The orc priest is almost dead.
The orc priest hits you with a +0 falchion.
You hit the orc priest but do no damage.
The orc priest is almost dead.
The foxfire hits the orc priest but does no damage.
The orc priest is almost dead.
The foxfire hits the orc priest but does no damage.
The orc priest is almost dead.
The orc priest closely misses you.
Unknown command.
You hit the orc priest.
The orc priest is almost dead.
The orc priest hits you but does no damage.
You hit the orc priest but do no damage.
The orc priest is almost dead.
The orc priest calls down the wrath of Beogh upon you.
Beogh smites you!
Ouch! That really hurt!
You die...

#...... #..... ..#
#..... ..## #....
....#. #.... ......
#...##......
#.###..$.......#
......o@......#
.........#...##
.........#....#
..)?..........#
..)........#...#
......)....## .##
.#..........#...###
#....#.......# ..#
......##.######..


You could see an orc priest.

Vanquished Creatures
  3 adders (D:2)
  A worm (D:2)
  2 dart slugs
  2 orcs (D:4)
  4 ball pythons
  5 endoplasms
  4 hobgoblins
  2 jackals (D:2)
  7 bats
  14 frilled lizards
  4 goblins
  5 kobolds
  2 rats (D:1)
55 creatures vanquished.

Vanquished Creatures (collateral kills)
  2 foxfires (D:2)
2 creatures vanquished.

Vanquished Creatures (others)
  178 foxfires
  7 plants (D:2)
185 creatures vanquished.

Grand Total: 242 creatures vanquished

Notes
Turn   | Place    | Note
-------+----------+-------------------------------------------
     0 | D:1      | funkygono the Gargoyle Fire Elementalist began the quest
                  | for the Orb.
     0 | D:1      | Reached XP level 1. HP: 10/10 MP: 3/3
   247 | D:1      | Reached XP level 2. HP: 15/15 MP: 0/5
   250 | D:1      | Learned a level 2 spell: Scorch
  1144 | D:2      | Reached XP level 3. HP: 19/19 MP: 2/6
  1148 | D:2      | Learned a level 3 spell: Kindle Blastsparks
  1461 | D:2      | Reached skill level 4 in Fire Magic
  1705 | D:2      | Reached XP level 4. HP: 24/24 MP: 3/7
  2553 | D:3      | Identified the +3 helmet of Leossal {Str-4 Int+6 SInv}
  3287 | D:3      | Found a radiant altar of Vehumet.
  3295 | D:3      | Found a shimmering blue altar of Sif Muna.
  3302 | D:3      | Became a worshipper of Vehumet
  3477 | D:4      | Killed from afar by an orc priest

Illustrated notes

Levels and vault maps discovered:
D:1:      minmay_arrival_semitransparent, layout_basic, minmay_misc_feat_tiny,
          ebering_dispersal_statue_hall, chequers_serial_rivers_micro_d,
          minivault_26, nrook_mini_backslash, minmay_strange_pillars,
          hangedman_decor_growths, hex_intersection, serial_bayou_pond_b
D:2:      layout_basic, minmay_lizard_king
D:3:      layout_loops_ring, amethyst_overflow_temple_binary, chequers_jeans
D:4:      layout_cave_pools, nicolae_gozag_cash_rules_everything_around_me,
          mainiacjoe_overflow_catwalk, mainiacjoe_overflow_alcove_2, uniq_ijyb

Skill      XL: |  1  2  3  4 |
---------------+-------------+-----
Fire Magic     | 4 |  4.1
Conjurations   | 2 |  2.0
Fighting       | |  0.1
Dodging        | |  1.8
Stealth        | |  2.1
Spellcasting   | |  2.7

Action                     |  1- 3 |  4- 6 || total
---------------------------+-------+-------++-------
  Melee: Club              |     2 |     3 ||     5
   Cast: Foxfire           |    58 |    49 ||   107
 Armour: Robe              |     1 |     3 ||     4
  Dodge: Dodged            |     3 |     6 ||     9

Table legend: (Time is in decaauts)
 A = Elapsed time spent in this place.
 B = Non-inter-level travel time spent in this place.
 C = Inter-level travel time spent in this place.
 D = Time resting spent in this place.
 E = Time spent auto-exploring this place.
 F = Levels seen in this place.
 G = Mean time per level.
                   A        B        C        D        E       F      G
               +--------+--------+--------+--------+--------+-----+--------+
         Total |   3478 |   3416 |     62 |     15 |   3047 |   4 |  869.5 |
       Dungeon |   3478 |   3416 |     62 |     15 |   3047 |   4 |  869.5 |
               +--------+--------+--------+--------+--------+-----+--------+

Top non-repeatable levels by time:
     D:2: 1451 daAuts
     D:1: 995 daAuts
     D:3: 911 daAuts
     D:4: 119 daAuts
